 Dungeon Crawl Stone Soup version 0.29.1-15-g9cfb28693d (webtiles) character file.

Game seed: 12767799557312022916

47 protoss039 the Digger (level 3, 26/26 HPs)
             Began as a Demonspawn Earth Elementalist on Mar 25, 2023.
             Got out of the dungeon alive.
             The game lasted 00:01:32 (979 turns).

protoss039 the Digger (DsEE)                         Turns: 979, Time: 00:01:33

Health: 26/26      AC:  3    Str:  8    XL:     3   Next: 48%
Magic:  6/6        EV: 11    Int: 18    God:
Gold:   104        SH:  4    Dex: 13    Spells: 6/7 levels left

rFire   . . .      SeeInvis .   a - +2 whip (elec)
rCold   . . .      Faith    .   (no shield)
rNeg    . . .      Spirit   .   h - +0 leather armour
rPois   .          Reflect  .   (no helmet)
rElec   .          Harm     .   (no cloak)
rCorr   .          Rampage  .   (no gloves)
Will    .....                   (no boots)
Stlth   ++........              (no amulet)
HPRegen 0.08/turn               (no ring)
MPRegen 0.10/turn               (no ring)

@: no status effects
A: condensation shield, demonic touch 1
a: no special abilities


You escaped.
You visited 1 branch of the dungeon, and saw 1 of its levels.

You collected 104 gold pieces.

Inventory:

Hand Weapons
 a - a +2 whip of electrocution (weapon)
Armour
 h - a +0 leather armour (worn)
Scrolls
 c - 3 scrolls of acquirement {unknown}
 f - a scroll of silence {unknown}
 i - a scroll of identify {unknown}
 j - a scroll of teleportation {unknown}
Potions
 b - a potion of magic
 d - a potion of flight {unknown}
 e - a potion of curing {unknown}
 g - a potion of resistance {unknown}


   Skills:
 + Level 1.5 Fighting
 + Level 0.7 Armour
 - Level 1.7 Dodging
 - Level 1.7 Stealth
 + Level 2.5 Spellcasting
 - Level 0.8 Transmutations
 + Level 3.1 Earth Magic


You had 6 spell levels left.
You knew the following spells:

 Your Spells              Type           Power      Damage    Failure   Level
a - Sandblast             Erth           26%        2d8       7%          1

Your spell library contained the following spells:

 Spells                   Type           Power      Damage    Failure   Level
 Passwall                 Tmut/Erth      7%         N/A       16%         2
 Ensorcelled Hibernation  Hex/Ice        4%         N/A       36%         2
 Stone Arrow              Conj/Erth      16%        3d8       36%         3
 Swiftness                Air            2%         N/A       58%         3
 Petrify                  Tmut/Erth      9%         N/A       71%         4


Dungeon Overview and Level Annotations

Branches:
Dungeon (1/15) Zot: 5009

Altars:


Innate Abilities, Weirdness & Mutations

A meltable shield of frost defends you. (SH +4)
Your touch may inflict minor irresistible damage on your foes.


Message History

The gnoll is severely wounded.
The gnoll closely misses you.
A rat comes into view.
You block the gnoll's attack.
Unknown command.
You hit the gnoll. Lightning courses through the gnoll!
You kill the gnoll!
The quokka bites you but does no damage.
Unknown command.
You barely miss the quokka.
The quokka bites you but does no damage.
Unknown command.
You hit the quokka. Lightning courses through the quokka!
You kill the quokka!
Unknown command.
Things that are here:
a +0 whip; a quokka corpse; a gnoll corpse Unknown command.
The rat bites you but does no damage.
Unknown command.
You hit the rat.
You kill the rat!
Unknown command.
No target in view!
You see here a rat corpse.
There is a stone staircase leading down here.
Done exploring.
Done exploring.
Done exploring.
No target in view!
Done exploring.
Done exploring.
Search for what [Enter for "."]? .
There is a stone staircase leading down here.
Things that are here:
a +0 short sword; 2 stones
There is an open door here.
There is a staircase leading out of the dungeon here.
Are you sure you want to leave the Dungeon?
This will make you lose the game!
You have escaped!

#...##.# # #...##.###
###### #######...##....
#####....#
#....##...#####.
#.....##'###'##.##...#
#.
####.##≈.≈§≈.≈#.#....#
#. #..#§§.≈§§§#...#.)##
#.
##.#§§...§§##..##..##
##
#...§§@§§..........####
###§≈...≈≈#..####.....#
#§§.≈.≈≈#.## #.###.#
#≈.≈≈≈.≈#.# #.# #..
##'###'##.# #.# ###
#.##..##.# #.# #
#.##.....# #.# #
#....##### #.# # ###.##
#.# #


There were no monsters in sight!

Vanquished Creatures
  A gnoll (D:1)
  A dart slug (D:1)
  A ball python (D:1)
  2 bats (D:1)
  3 endoplasms (D:1)
  2 giant cockroaches (D:1)
  A goblin (D:1)
  5 hobgoblins (D:1)
  4 jackals (D:1)
  A quokka (D:1)
  5 frilled lizards (D:1)
  4 kobolds (D:1)
  2 rats (D:1)
32 creatures vanquished.

Vanquished Creatures (others)
  19 plants (D:1)
19 creatures vanquished.

Grand Total: 51 creatures vanquished

Notes
Turn   | Place    | Note
-------+----------+-------------------------------------------
     0 | D:1      | protoss039 the Demonspawn Earth Elementalist began the
                  | quest for the Orb.
     0 | D:1      | Reached XP level 1. HP: 13/13 MP: 3/3
   193 | D:1      | Gained mutation: Your touch may inflict minor irresistible
                  | damage on your foes. [demonic ancestry]
   193 | D:1      | Reached XP level 2. HP: 18/20 MP: 1/5
   263 | D:1      | Reached skill level 1 in Fighting
   271 | D:1      | Reached skill level 3 in Earth Magic
   771 | D:1      | Gained mutation: A meltable shield of frost defends you.
                  | (SH +4) [demonic ancestry]
   771 | D:1      | Reached XP level 3. HP: 26/26 MP: 6/6
   979 | D:$      | Got out of the dungeon alive.

Illustrated notes

Levels and vault maps discovered:
D:1:      ncdulo_lavacross, layout_rooms, chequers_arboretum,
          nicolae_grassy_gnolls

Skill      XL: |  1  2 |
---------------+-------+-----
Fighting       | 1 |  1.5
Earth Magic    | 3 |  3.1
Armour         | |  0.7
Dodging        | |  1.7
Stealth        | |  1.7
Spellcasting   | |  2.5
Transmutations | |  0.8

Action                   || total
-------------------------++-------
Melee: Short sword       ||    24
       Unarmed           ||     1
       Whip              ||    25
       Touch             ||    11
 Cast: Sandblast         ||    15
  Use: Scroll            ||     2
Armor: Robe              ||     7
       Leather armour    ||     7
Dodge: Dodged            ||    41
Block: Other             ||     3
